 Dungeon Crawl Stone Soup version 0.32-a0-612-g1c984fe9d1 (webtiles) character file.

Game seed: 1088137223917726962

5987 Dirtsage the Martial Artist (level 10, -1/115 HPs)
             Began as a Demonspawn Monk on Mar 5, 2024.
             Slain by a centaur warrior (9 damage)
             ... on level 8 of the Dungeon.
             The game lasted 00:15:20 (7465 turns).

Dirtsage the Martial Artist (Demonspawn Monk)       Turns: 7465, Time: 00:15:21

Health: -1/115     AC: 13    Str: 16    XL:     10   Next: 55%
Magic:  10/10      EV: 17    Int: 10    God:
Gold:   302        SH:  0    Dex: 16    Spells: 9/9 levels left

rFire   . .          .
                       - Unarmed
rCold   . . .        c - orb {light}
rNeg    + . .        B - +0 chain mail
rPois   .            (no helmet)
rElec   .            y - +0 cloak
rCorr   .            o - +0 pair of gloves
SInv    .            G - +0 pair of boots
Will    .....        (no amulet) Stlth
                     p - +5 ring of evasion
HPRegen 0.39/turn    N - ring of positive energy
MPRegen 0.12/turn

%: no passive effects
@: berserking, glowing, studying Maces & Flails, very quick
A: hooves 1, powered by death 2, spiny 1, sturdy frame 2
a: no special abilities


You were on level 8 of the Dungeon.
You visited 2 branches of the dungeon, and saw 9 of its levels.
You also visited: Sewer.

You collected 398 gold pieces.
You spent 96 gold pieces at shops.

Inventory:

Missiles
 u - 2 curare-tipped darts (quivered)
Armour
 a - a +0 kite shield
 c - an orb of light (worn)
 o - a +0 pair of gloves (worn)
 y - a +0 cloak (worn)
 B - a +0 chain mail (worn)
 G - a +0 pair of boots (worn)
Jewellery
 n - an amulet of faith
 p - a +5 ring of evasion (left hand)
 D - an amulet of the acrobat
 N - a ring of positive energy (right hand)
Talismans
 k - a serpent talisman
Wands
 e - a wand of iceblast (5)
Scrolls
 f - 3 scrolls of enchant armour {unknown}
 g - 5 scrolls of fear
 i - a scroll of identify
 j - a scroll of amnesia {unknown}
 s - 2 scrolls of poison {unknown}
 t - 7 scrolls of teleportation
 A - a scroll of fog {unknown}
 C - 2 scrolls of immolation {unknown}
 E - a scroll of enchant weapon {unknown}
Potions
 b - a potion of ambrosia
 d - 2 potions of cancellation {unknown}
 h - a potion of haste
 l - a potion of magic {unknown}
 m - 2 potions of invisibility {unknown}
 q - a potion of curing
 r - 2 potions of heal wounds {unknown}
 v - 3 potions of brilliance
 w - 2 potions of lignification {unknown}
 x - 2 potions of attraction {unknown}
 F - a potion of mutation {unknown}


   Skills:
 + Level 6.5 Fighting
 + Level 5.2 Armour
 + Level 5.9 Dodging
 + Level 5.0 Shields
 * Level 10.5 Unarmed Combat


You had 9 spell levels left.
You didn't know any spells.
Your spell library contained the following spells:

 Spells                   Type           Power      Damage    Failure   Level
 Slow                     Hex            0%         N/A       77%         1
 Lesser Beckoning         Tloc           0%         N/A       88%         2
 Confusing Touch          Hex            0%         N/A       98%         3
 Gell's Gravitas          Tloc           0%         N/A       98%         3
 Sigil of Binding         Hex            0%         N/A       98%         3
 Teleport Other           Tloc           0%         N/A       98%         3
 Vampiric Draining        Necr           0%         2d6       98%         3


Dungeon Overview and Level Annotations

Branches:
Dungeon (8/15)             Temple (1/1) D:6           Sewer (visited)
   Lair: D:8-11

Altars:
Ashenzari
Cheibriados
Dithmenos
Fedhas
Gozag
Hepliaklqana
Kikubaaqudgha
Makhleb
Nemelex Xobeh
Okawaru
Qazlal
Ru
Sif Muna
Uskayaw
Vehumet
Xom
Yredelemnul

Shops:
D:1 [   D:4 ?   D:6 =

Annotations:
D:8 3 runed translucent doors


Innate Abilities, Weirdness & Mutations

You have large cloven feet.
You regenerate health from kills.
You are partially covered in sharp spines.
Your movements are less encumbered by armour. (ER -4)


Message History

You punch the hornet!
You kill the hornet!
You see here a +0 leather armour.
A centaur warrior comes into view.
The centaur warrior shouts!
The centaur warrior wields a +0 shortbow.
The centaur warrior shoots an arrow.
The arrow hits you!
You take 7 damage, and have 70/77 hp.
The centaur warrior shoots an arrow.
The arrow closely misses you.
The centaur warrior shoots an arrow.
The arrow hits you!!
You take 20 damage, and have 50/77 hp.
MASSIVE DAMAGE!!
The centaur warrior shoots an arrow.
The arrow completely misses you.
The centaur warrior shoots an arrow.
The arrow hits you!
The centaur warrior shoots an arrow.
The arrow hits you!
* * * LOW HITPOINT WARNING * * *
You take 27 damage, and have 23/77 hp.
MASSIVE DAMAGE!!
The centaur warrior shoots an arrow.
The arrow hits you!
* * * LOW HITPOINT WARNING * * *
You take 12 damage, and have 11/77 hp.
The centaur warrior unwields a +0 shortbow.
The centaur warrior barely misses you. The centaur warrior closely misses you.
A red film seems to cover your vision as you go berserk!
You feel yourself moving faster!
You feel mighty! The centaur warrior closely misses you.
The centaur warrior kicks you but does no damage.
The centaur warrior closely misses you.
The centaur warrior kicks you but does no damage.
You now have 17/115 hp.
You punch the centaur warrior!
The centaur warrior is moderately wounded.
The centaur warrior hits you!
* * * LOW HITPOINT WARNING * * *
The centaur warrior kicks you.
* * * LOW HITPOINT WARNING * * *
You take 10 damage, and have 7/115 hp.
You punch the centaur warrior!
The centaur warrior is moderately wounded.
The centaur warrior is struck by your spines.
The centaur warrior hits you!
You die... .######.#######.# ..............#.########### #######.#####.#..........)# ........#####.#...........# ..............'........>..# ....#########.#...........# ...## #.#...........# +### #.#...........# uuu#

#.#.@.........#
.#$#
#.#.c.........#
.!.#
#.#...........#
.#.#
#.#...........#
#.########
#.#...........#
. ยง#.>...###
#...........#
#.......#
#...........#
#.......#
#...........#
#.......#
#########'###


You could see a centaur warrior.

Vanquished Creatures
  A centaur warrior (D:8)
  Pikel (D:7)
  A manticore (D:8)
  An unseen horror (D:6)
  A hornet (D:8)
  A shadow (D:5)
  5 yaks (D:8)
  Pargi (Sewer)
  2 black bears
  2 orc warriors (D:7)
  2 sky beasts
  An ice beast (D:6)
  An ogre (D:5)
  2 centaurs
  4 lemures (D:7)
  2 kobold brigands
  A bullfrog (D:6)
  A brain worm (Sewer)
  A gnoll sergeant (D:5)
  5 scorpions
  5 wights (D:7)
  4 killer bees (D:7)
  A howler monkey (D:5)
  A jelly (D:5)
  2 hounds (D:5)
  4 bombardier beetles
  2 gnoll boudas
  5 orc priests
  Crazy Yiuf (D:5)
  2 sleepcaps
  9 orc wizards
  A scorpion zombie (D:3)
  A hound skeleton (D:3)
  13 gnolls
  8 adders
  A shadow imp (D:6)
  A white imp (D:6)
  2 ufetubi (D:5)
  6 dart slugs
  2 ribbon worms (D:5)
  25 orcs
  7 ball pythons
  8 bats
  3 endoplasms
  4 giant cockroaches
  7 goblins
  6 hobgoblins
  7 jackals
  5 quokkas
  7 frilled lizards
  A giant cockroach zombie (D:3)
  16 kobolds
  A quokka skeleton (D:3)
  8 rats
212 creatures vanquished.

Notes
Turn   | Place    | Note
-------+----------+-------------------------------------------
     0 | D:1      | Dirtsage the Demonspawn Monk began the quest for the Orb.
     0 | D:1      | Reached XP level 1. HP: 18/18 MP: 1/1
    34 | D:1      | Reached skill level 3 in Unarmed Combat
   175 | D:1      | Gained mutation: Your movements are slightly less
                  | encumbered by armour. (ER -2) [demonic ancestry]
   175 | D:1      | Reached XP level 2. HP: 24/24 MP: 2/2
   342 | D:1      | Reached XP level 3. HP: 29/29 MP: 3/3
   343 | D:1      | Found Tiroe's Antique Armour Shoppe.
   430 | D:1      | Reached skill level 4 in Unarmed Combat
   784 | D:2      | Noticed a scorpion
   799 | D:2      | Killed a scorpion
   800 | D:2      | Gained mutation: You regenerate a little health from kills.
                  | [demonic ancestry]
   800 | D:2      | Reached XP level 4. HP: 29/35 MP: 4/4
   870 | D:2      | Reached skill level 5 in Unarmed Combat
  1192 | D:2      | Reached XP level 5. HP: 38/41 MP: 5/5
  1646 | D:3      | Reached skill level 6 in Unarmed Combat
  1917 | D:3      | Gained mutation: You are partially covered in sharp spines.
                  | [demonic ancestry]
  1917 | D:3      | Reached XP level 6. HP: 47/47 MP: 6/6
  2403 | D:4      | Reached skill level 7 in Unarmed Combat
  2509 | D:4      | Found an opulent altar of Gozag.
  2568 | D:4      | Found a radiant altar of Vehumet.
  2591 | D:4      | Gained mutation: Your movements are less encumbered by
                  | armour. (ER -4) [demonic ancestry]
  2591 | D:4      | Reached XP level 7. HP: 50/52 MP: 7/7
  2848 | D:4      | Found The Oracle's Delphic Readings.
  2852 | D:4      | Bought a scroll of identify for 24 gold pieces
  2852 | D:4      | Bought a scroll of identify for 24 gold pieces
  2852 | D:4      | Bought a scroll of fear for 48 gold pieces
  2916 | D:5      | Entered Level 5 of the Dungeon
  2920 | D:5      | Found a sacrificial altar of Ru.
  3026 | D:5      | Reached skill level 1 in Armour
  3026 | D:5      | Reached skill level 1 in Shields
  3119 | D:5      | Found a glowing drain.
  3129 | Sewer    | Entered a sewer
  3248 | Sewer    | Noticed Pargi
  3252 | Sewer    | Killed Pargi
  3253 | Sewer    | Gained mutation: You regenerate health from kills. [demonic
                  | ancestry]
  3253 | Sewer    | Reached XP level 8. HP: 58/60 MP: 8/8
  3350 | D:5      | Reached skill level 8 in Unarmed Combat
  3368 | D:5      | Found a hide-covered altar of Uskayaw.
  3394 | D:5      | Found a hazy altar of Hepliaklqana.
  4050 | D:5      | Found a runed translucent door.
  4051 | D:5      | Noticed Crazy Yiuf
  4057 | D:5      | Killed Crazy Yiuf
  4407 | D:6      | Identified the +2 robe of Jigsaw {rF++ rCorr Int-3 Dex+8}
  4501 | D:6      | Noticed an unseen horror
  4520 | D:6      | Killed an unseen horror
  4521 | D:6      | Reached XP level 9. HP: 20/67 MP: 9/9
  4779 | D:6      | Reached skill level 9 in Unarmed Combat
  4787 | D:5      | Reached skill level 5 in Fighting
  4819 | D:6      | Found a staircase to the Ecumenical Temple.
  4835 | Temple   | Entered the Ecumenical Temple
  5010 | D:6      | Found Jogawis's Jewellery Shop.
  5592 | D:7      | Noticed Pikel
  5629 | D:7      | Killed Pikel
  5630 | D:7      | Reached skill level 5 in Dodging
  6490 | D:8      | Found a runed translucent gate.
  6491 | D:8      | Found a runed translucent gate.
  6491 | D:8      | Found a runed translucent gate.
  6493 | D:8      | Noticed a red ugly thing
  6493 | D:8      | Noticed a cyan ugly thing
  6494 | D:8      | Noticed a green ugly thing
  6575 | D:8      | Noticed a green ugly thing
  6683 | D:8      | Gained mutation: You have large cloven feet. [demonic
                  | ancestry]
  6683 | D:8      | Reached XP level 10. HP: 76/76 MP: 10/10
  6687 | D:8      | Reached skill level 10 in Unarmed Combat
  6711 | D:8      | Found a blossoming altar of Fedhas.
  6959 | D:8      | Noticed a centaur warrior
  6975 | D:8      | Killed a centaur warrior
  6976 | D:8      | Reached skill level 5 in Armour
  7171 | D:8      | Noticed a manticore
  7188 | D:8      | Killed a manticore
  7189 | D:8      | Reached skill level 5 in Shields
  7456 | D:8      | Noticed a centaur warrior
  7465 | D:8      | Slain by a centaur warrior

Illustrated notes

Levels and vault maps discovered:
D:1:      wander_arrival_lonely_grave, layout_loops_ring, serial_shops,
          nicolae_shop_tiny_statue_garden
D:2:      layout_basic, kennysheep_generic_room_14
D:3:      minmay_wonky_spiral, layout_rooms, serial_undead, serial_undead_f,
          serial_undead_f, serial_undead_c, serial_undead_b,
          corexii_corridor_pit, chequers_serial_rivers_micro_e,
          grunt_ministairs_5, st_stairs_3, minmay_cupped
D:4:      layout_basic, mainiacjoe_overflow_six_doors_small,
          overflow_temple_1_default, nicolae_nh_oracle_at_delphi
D:5:      layout_layer_cave, nicolae_ru_sacrificial_ziggurat,
          chequers_temple_overflow_statue_of_worship,
          nzn_hepliaklqana_mist_gate, cheibrodos_sewer_entry_sluice, hex_large,
          minmay_manual_macuahuitl, uniq_crazy_yiuf_cottage
D:6:      layout_basic, minmay_temple_entry_proselytizer, serial_shops,
          nicolae_shop_gaudy_bauble
D:7:      layout_basic, dk_rats_in_the_wall, uniq_pikel
D:8:      layout_basic, mainiacjoe_overflow_24_doors,
          ploomutoo_gammafunk_ghost_potion_laboratory, minmay_diamond_spiral
Temple:   nicolae_temple_ecumenical_triangle

Skill      XL: |  1  2  3  4  5  6  7  8  9 10 |
---------------+-------------------------------+-----
Unarmed Combat | 3 4 5 6 7 8 9 10 | 10.5
Armour         | 1 3 4 5 |  5.2
Dodging        | 3 4 5 |  5.9
Shields        | 1 3 4 5 |  5.0
Fighting       | 4 5 6 |  6.5

Action                     |  1- 3 |  4- 6 |  7- 9 | 10-12 || total
---------------------------+-------+-------+-------+-------++-------
  Melee: Unarmed           |   108 |   196 |   292 |    59 ||   655
         Kick              |       |       |       |    25 ||    25
    Use: Scroll            |       |     2 |     5 |       ||     7
         Potion            |       |       |       |     1 ||     1
 Armour: Robe              |    39 |       |       |       ||    39
         Scale mail        |    11 |   111 |   105 |       ||   227
         Chain mail        |       |       |    24 |    51 ||    75
  Dodge: Dodged            |    60 |    78 |   202 |    56 ||   396

Table legend: (Time is in decaauts)
 A = Elapsed time spent in this place.
 B = Non-inter-level travel time spent in this place.
 C = Inter-level travel time spent in this place.
 D = Time resting spent in this place.
 E = Time spent auto-exploring this place.
 F = Levels seen in this place.
 G = Mean time per level.
                   A        B        C        D        E       F      G
               +--------+--------+--------+--------+--------+-----+--------+
         Total |   7396 |   7147 |    249 |    505 |   5241 |  10 |  739.6 |
       Dungeon |   7187 |   6938 |    249 |    505 |   5089 |   8 |  898.4 |
        Temple |      1 |      1 |      0 |      0 |      0 |   1 |    1.0 |
         Sewer |    207 |    207 |      0 |      0 |    152 |   1 |  207.0 |
               +--------+--------+--------+--------+--------+-----+--------+

Top non-repeatable levels by time:
     D:5: 1508 daAuts
     D:7: 1157 daAuts
     D:8: 1035 daAuts
     D:1: 747 daAuts
     D:2: 731 daAuts
     D:4: 720 daAuts
     D:3: 686 daAuts
     D:6: 598 daAuts
   Sewer: 207 daAuts
  Temple: 1 daAuts
